 Dungeon Crawl Stone Soup version 0.29.1-13-g9f3cf754e1 (webtiles) character file.

Game seed: 13605818024996930405

1954 KittyFluff the Cudgeller (level 9, -1/82 HPs)
             Began as a Gargoyle Berserker on Jan 21, 2023.
             Was a Priest of Trog.
             Slain by an ogre
             ... wielding a +0 giant club
              (19 damage)
             ... on level 6 of the Dungeon.
             The game lasted 00:18:16 (6126 turns).

KittyFluff the Cudgeller (Gargoyle Berserker)       Turns: 6126, Time: 00:18:17

Health: -1/82      AC: 15    Str: 21    XL:     9   Next: 19%
Magic:  9/9        EV: 11    Int:  8    God:    Trog [***...]
Gold:   165        SH:  7    Dex: 13    Spells: 8/8 levels left

rFire   . . .      SeeInvis .   y - +0 flail
rCold   . . .      Faith    .   B - +0 kite shield
rNeg    + . .      Spirit   .   q - +0 leather armour
rPois   ∞          Reflect  .   v - +0 helmet
rElec   +          Harm     .   o - +0 cloak
rCorr   .          Rampage  .   (no gloves)
Will    .....                   p - +1 pair of boots
Stlth   ..........              (no amulet)
HPRegen 0.23/turn               (no ring)
MPRegen 0.11/turn               (no ring)

@: berserking, very quick
A: sickness immunity, AC +6, negative energy resistance 1, electricity
resistance, torment resistance 1, petrification resistance
a: Renounce Religion, Berserk, Trog's Hand


You were on level 6 of the Dungeon.
You worshipped Trog.
Trog was most pleased with you.
You visited 1 branch of the dungeon, and saw 6 of its levels.

You collected 165 gold pieces.

Inventory:

Hand Weapons
 a - a +0 mace
 y - a +0 flail (weapon)
Missiles
 f - 10 stones (quivered)
Armour
 d - a +0 ring mail
 o - a +0 cloak (worn)
 p - a +1 pair of boots (worn)
 q - a +0 leather armour (worn)
 s - a +0 chain mail
 v - a +0 helmet (worn)
 B - a +0 kite shield (worn)
Scrolls
 c - 2 scrolls of brand weapon {unknown}
 i - 5 scrolls of teleportation
 j - 3 scrolls of identify {unknown}
 k - 3 scrolls of magic mapping {unknown}
 n - 2 scrolls of silence {unknown}
 r - a scroll of noise {unknown}
 t - a scroll of enchant weapon {unknown}
 w - a scroll of blinking {unknown}
Potions
 b - a potion of cancellation {unknown}
 e - 2 potions of haste {unknown}
 g - 4 potions of heal wounds {unknown}
 h - a potion of mutation {unknown}
 l - a potion of attraction {unknown}
 m - 2 potions of might {unknown}
 u - a potion of curing {unknown}
 x - a potion of berserk rage {unknown}
 z - a potion of lignification {unknown}
 A - 2 potions of flight {unknown}


   Skills:
 + Level 5.9 Fighting
 + Level 7.6 Maces & Flails
 + Level 1.3 Throwing
 * Level 6.1 Armour
 + Level 5.0 Dodging
 + Level 1.4 Stealth


You had 8 spell levels left.
You didn't know any spells.
Your spell library was empty.

Dungeon Overview and Level Annotations

Branches:
Dungeon (6/15)             Temple (0/1) D:4

Altars:
Kikubaaqudgha
Nemelex Xobeh
Qazlal
Vehumet


Innate Abilities, Weirdness & Mutations

You are immune to sickness and miasma.
Your stone body is resilient. (AC +6)
You are immune to poison.
You resist negative energy. (rN+)
You are resistant to electric shocks. (rElec)
You are resistant to unholy torment.
You are immune to petrification.


Message History

Found a scroll of teleportation.
There is a stone staircase leading up here.
A scorpion comes into view.
You see here a scroll of teleportation.
i - 5 scrolls of teleportation (gained 1)
The scorpion barely misses you.
You sock the scorpion!
The scorpion is severely wounded.
The scorpion closely misses you.
You sock the scorpion!
You kill the scorpion!
Trog accepts your kill.
Found a short sword.
Found a kite shield.
Found a stone staircase leading down.
You see here a +0 kite shield.
B - a +0 kite shield You start putting on your armour.
You continue putting on your +0 kite shield. x4
You finish putting on your +0 kite shield.
An ogre comes into view. It is wielding a +0 giant club.
The ogre shouts!
You completely miss the ogre.
The ogre hits you with a +0 giant club!!
You hit the ogre.
The ogre is lightly wounded.
The ogre hits you with a +0 giant club!
You hit the ogre but do no damage.
The ogre is lightly wounded.
You hit the ogre.
The ogre is moderately wounded.
You block the ogre's attack.
You sock the ogre!
The ogre is severely wounded.
The ogre hits you with a +0 giant club!
* * * LOW HITPOINT WARNING * * *
A red film seems to cover your vision as you go berserk!
You feel yourself moving faster!
You feel mighty!
The ogre hits you with a +0 giant club!!
You die...

#### ##..### ##### #
#.....####...# ..
###......##...## ##
...##...#..........# ##.
...>....##......##.###..
................##..#...
................###.....
......O@.........#......
...................##..#
.................#.....#
........#........#<....#
.......##...........#...
....### ################
.... #.#


You could see an ogre.

Vanquished Creatures
  Pikel (D:4)
  Grinder (D:4)
  A yak (D:5)
  2 black bears
  An ogre (D:4)
  2 lemures (D:3)
  A gnoll sergeant (D:4)
  3 scorpions
  6 hounds
  A jelly (D:5)
  A gnoll bouda (D:5)
  3 iguanas
  3 orc wizards (D:5)
  9 gnolls
  8 adders
  A white imp (D:5)
  A worm (D:2)
  8 orcs
  6 bats
  8 endoplasms
  4 giant cockroaches
  7 hobgoblins
  8 jackals
  8 kobolds
  2 quokkas
  9 ball pythons
  3 frilled lizards
  9 goblins
  2 rats
119 creatures vanquished.

Vanquished Creatures (others)
  A plant (D:1)
1 creature vanquished.

Grand Total: 120 creatures vanquished

Notes
Turn   | Place    | Note
-------+----------+-------------------------------------------
     0 | D:1      | KittyFluff the Gargoyle Berserker began the quest for the
                  | Orb.
     0 | D:1      | Reached XP level 1. HP: 14/14 MP: 1/1
   160 | D:1      | Reached XP level 2. HP: 11/19 MP: 2/2
   956 | D:1      | Reached XP level 3. HP: 22/24 MP: 3/3
  1059 | D:1      | Found a faded altar of an unknown god.
  1065 | D:1      | Reached ** piety under Trog
  1456 | D:2      | Reached XP level 4. HP: 20/29 MP: 4/4
  2612 | D:3      | Reached skill level 4 in Maces & Flails
  2769 | D:4      | Noticed a scorpion
  2785 | D:4      | Killed a scorpion
  2786 | D:4      | Reached XP level 5. HP: 22/33 MP: 5/5
  2936 | D:4      | Noticed an ogre
  2943 | D:4      | Killed an ogre
  2944 | D:4      | Reached XP level 6. HP: 31/38 MP: 6/6
  3159 | D:4      | Reached skill level 1 in Stealth
  3178 | D:4      | HP: 1/58 [gnoll/+0 spear[a gnoll sergeant] (2)]
  3731 | D:4      | Noticed Pikel
  3756 | D:3      | Reached skill level 1 in Throwing
  4144 | D:4      | Killed Pikel
  4145 | D:4      | Reached skill level 6 in Maces & Flails
  4145 | D:4      | Reached XP level 7. HP: 28/44 MP: 7/7
  4145 | D:4      | Reached XP level 8. HP: 31/48 MP: 8/8
  4358 | D:4      | Noticed Grinder
  4449 | D:4      | Paralysed by Grinder for 2 turns
  4454 | D:4      | Paralysed by Grinder for 3 turns
  4464 | D:4      | Paralysed by Grinder for 3 turns
  4475 | D:4      | Killed Grinder
  4476 | D:4      | Reached skill level 5 in Fighting
  4536 | D:4      | Found a radiant altar of Vehumet.
  4537 | D:4      | Found an ancient bone altar of Kikubaaqudgha.
  4539 | D:4      | Found a stormy altar of Qazlal.
  4552 | D:4      | Found a sparkling altar of Nemelex Xobeh.
  4594 | D:4      | Found a staircase to the Ecumenical Temple.
  4625 | D:4      | Reached *** piety under Trog
  4711 | D:5      | Entered Level 5 of the Dungeon
  4785 | D:5      | Reached skill level 5 in Armour
  4903 | D:4      | Reached skill level 7 in Maces & Flails
  5585 | D:5      | Reached XP level 9. HP: 20/55 MP: 9/9
  5950 | D:5      | Reached skill level 5 in Dodging
  6126 | D:6      | Slain by an ogre

Illustrated notes

Levels and vault maps discovered:
D:1:      onia_arrival_pentagram, layout_basic, shapermc_ecumenical_altar_ellora
D:2:      layout_rooms, nrook_campfire, grunt_ministairs_2
D:3:      layout_loops_ring, st_stairs_2, dk_vineyard_2,
          minmay_tree_intersection
D:4:      layout_rooms, grunt_temple_overflow_open,
          minmay_temple_entry_overgrown, lightli_minifort, uniq_grinder,
          uniq_pikel
D:5:      layout_rooms, minmay_small_thing
D:6:      layout_cave_pools, roderic_serpentine_path

Skill      XL: |  1  2  3  4  5  6  7  8  9 |
---------------+----------------------------+-----
Dodging        | 2 3 4 5 |  5.0
Armour         | 3 4 5 6 |  6.1
Maces & Flails | 4 6 7 |  7.6
Fighting       | 4 5 |  5.9
Stealth        | 1 |  1.4
Throwing       | 1 |  1.3

Action                   |  1- 3 |  4- 6 |  7- 9 || total
-------------------------+-------+-------+-------++-------
Melee: Mace              |   114 |   198 |   144 ||   456
       Punch             |       |     1 |     1 ||     2
       Flail             |       |       |   142 ||   142
Throw: Stone             |       |     4 |     7 ||    11
Invok: Berserk           |       |     4 |     1 ||     5
  Use: Scroll            |       |     1 |       ||     1
 Stab: Sleeping          |     1 |     1 |     1 ||     3
Armor: Animal skin       |    41 |    36 |       ||    77
       Leather armour    |       |    57 |   203 ||   260
Dodge: Dodged            |    93 |   176 |   185 ||   454
Block: Kite shield       |       |       |     1 ||     1
